 Dungeon Sprint DCSS version 0.21.1-1-g345015f (webtiles) character file.

1978 Gingerlord the Thaumaturge (level 9, -12/54 HPs)
             Began as a Deep Elf Fire Elementalist on July 4, 2018.
             Was a Priest of Vehumet.
             Mangled by a catoblepas (13 damage)
             ... in the Dungeon (Sprint IX: "|||||||||||||||||||||||||||||").
             The game lasted 00:11:23 (1322 turns).

Gingerlord the Thaumaturge (DEFE)                   Turns: 1322, Time: 00:11:24

Health: -12/54     AC:  5    Str:  8    XL:     9   Next: 1%
Magic:  14/27      EV:  2    Int: 21    God:    Vehumet [***...]
Gold:   0          SH:  0    Dex: 18    Spells: 20/33 levels left

rFire    . . .     SeeInvis .   n - staff of energy
rCold    . . .     Gourm    .   (no shield)
rNeg     + + +     Faith    .   a - +0 robe
rPois    ∞         Spirit   .   (no helmet)
rElec    .         Reflect  .   o - +0 cloak
rCorr    .         Harm     .   (no gloves)
MR       .....     NoTele   +   (no boots)
Stlth    ++........             (no amulet)
HPRegen  0.18/turn              p - +3 ring of dexterity
MPRegen  0.20/turn              q - +2 ring of protection

@: petrified, very slightly contaminated
A: no striking features
a: Renounce Religion


You were in the Dungeon.
You worshipped Vehumet.
Vehumet was most pleased with you.
You were not hungry.

You visited 1 branch

Inventory:

Armour
 a - a +0 robe (worn)
 o - a +0 cloak (worn)
Magical Staves
 n - an uncursed staff of energy (weapon)
Jewellery
 p - a +3 ring of dexterity (left hand)
 q - a +2 ring of protection (right hand)
Wands
 m - a wand of iceblast (10)
Scrolls
 j - 3 scrolls of remove curse
 k - 2 scrolls of amnesia
Potions
 d - a potion of invisibility
 f - a potion of haste
 g - a potion of magic
 h - a potion of berserk rage
 i - 3 potions of curing
Books
 b - a book of Flames

   Spells                             Type                      Level
   a - Flame Tongue                   Conjuration/Fire             1
   b - Throw Flame                    Conjuration/Fire             2
   c - Conjure Flame                  Conjuration/Fire             3
   d - Inner Flame                    Hexes/Fire                   3
   e - Sticky Flame                   Conjuration/Fire             4
   f - Fireball                       Conjuration/Fire             5


   Skills:
 + Level 5.5 Fighting
 * Level 11.6 Dodging
 - Level 2.4 Stealth
 * Level 12.5 Spellcasting
 * Level 10.5 Conjurations
 * Level 10.9 Fire Magic


You had 20 spell levels left.
You knew the following spells:

 Your Spells              Type           Power        Failure   Level  Hunger
a - Flame Tongue          Conj/Fire      #####        1%          1    None
b - Conjure Flame         Conj/Fire      ######..     1%          3    None
c - Sticky Flame          Conj/Fire      ######..     1%          4    None
d - Fireball              Conj/Fire      ######....   1%          5    None


Dungeon Overview and Level Annotations

Branches:
Dungeon (1/1)

Altars:
Cheibriados
Dithmenos
Elyvilon
Fedhas
Gozag
Hepliaklqana
Kikubaaqudgha
Makhleb
Nemelex Xobeh
Okawaru
Qazlal
Ru
Sif Muna
Trog
Uskayaw
Vehumet
Wu Jian
Xom
Yredelemnul
Zin
The Shining One
Beogh
Jiyva
Lugonu


Message History

Aiming: Fireball
Press: ? - help, Shift-Dir - straight line, p - catoblepas
Okay, then.
Okay, then.
You feel much better.
You are engulfed in calcifying dust.
Your limbs have turned to stone.
The catoblepas burns!
The catoblepas breathes a plume of calcifying dust at you.
The blast of calcifying dust hits you!
You have turned to stone.
You are engulfed in calcifying dust.
The catoblepas burns!
The catoblepas breathes a plume of calcifying dust at you.
The blast of calcifying dust hits you!
The catoblepas burns!
The catoblepas gores you!!
The catoblepas burns!
The catoblepas gores you!!
The catoblepas burns!
The catoblepas gores you!!
* * * LOW HITPOINT WARNING * * *
The catoblepas burns!
The catoblepas gores you!!
* * * LOW HITPOINT WARNING * * *
The catoblepas burns!
The catoblepas gores you.
The catoblepas burns!
The catoblepas gores you!!
You die...

▓.▓
▓)▓
▓(▓
▓.▓
▓[▓
▓.▓
▓(▓
▓Y▓
▓@▓
▓)▓
▓.▓
▓.▓
▓.▓
▓.▓
▓'▓
▓.▓
▓.▓


You could see a catoblepas (burning).

Vanquished Creatures
  An unseen horror (D)
  A gargoyle (D)
  A meliai (D)
  A troll (D)
  A hippogriff (D)
  A yak (D)
  A necrophage (D)
  An ogre (D)
  2 centaurs (D)
  A hound (D)
  2 worker ants (D)
  A shadow imp (D)
  An adder skeleton (D)
  A ball python (D)
  A bat (D)
  A ball python skeleton (D)
  A frilled lizard (D)
  2 kobolds (D)
21 creatures vanquished.

Notes
Turn   | Place    | Note
-------+----------+-------------------------------------------
     0 | D        | Gingerlord the Deep Elf Fire Elementalist began the quest for the Orb.
     0 | D        | Reached XP level 1. HP: 10/10 MP: 6/6
   139 | D        | Noticed a hound
   139 | D        | Noticed a centaur
   139 | D        | Noticed a worker ant
   139 | D        | Noticed an ogre
   145 | D        | Reached XP level 2. HP: 15/16 MP: 1/8
   247 | D        | Reached skill level 1 in Fighting
   247 | D        | Reached skill level 4 in Spellcasting
   247 | D        | Reached XP level 3. HP: 20/20 MP: 7/11
   252 | D        | Killed a centaur
   252 | D        | Reached skill level 5 in Dodging
   252 | D        | Reached skill level 6 in Spellcasting
   252 | D        | Reached skill level 5 in Fire Magic
   252 | D        | Reached XP level 4. HP: 8/26 MP: 2/14
   262 | D        | Reached skill level 5 in Conjurations
   262 | D        | Reached XP level 5. HP: 16/31 MP: 9/16
   263 | D        | Killed an ogre
   263 | D        | Reached skill level 7 in Spellcasting
   531 | D        | Learned a level 3 spell: Conjure Flame
   536 | D        | Learned a level 4 spell: Sticky Flame
   542 | D        | Learned a level 5 spell: Fireball
   554 | D        | Found a roughly hewn altar of Beogh.
   554 | D        | Found a snail-covered altar of Cheibriados.
   554 | D        | Found a shadowy altar of Dithmenos.
   554 | D        | Found a white marble altar of Elyvilon.
   554 | D        | Found a blossoming altar of Fedhas.
   554 | D        | Found an opulent altar of Gozag.
   555 | D        | Found a hazy altar of Hepliaklqana.
   556 | D        | Found a viscous altar of Jiyva.
   557 | D        | Found an ancient bone altar of Kikubaaqudgha.
   558 | D        | Found a corrupted altar of Lugonu.
   559 | D        | Found a burning altar of Makhleb.
   560 | D        | Found a sparkling altar of Nemelex Xobeh.
   561 | D        | Found an iron altar of Okawaru.
   562 | D        | Found a stormy altar of Qazlal.
   563 | D        | Found a sacrificial altar of Ru.
   564 | D        | Found a deep blue altar of Sif Muna.
   565 | D        | Found a bloodstained altar of Trog.
   566 | D        | Found a hide-covered altar of Uskayaw.
   567 | D        | Found a radiant altar of Vehumet.
   568 | D        | Found an ornate altar of the Wu Jian Council.
   569 | D        | Found a shimmering altar of Xom.
   570 | D        | Found a basalt altar of Yredelemnul.
   571 | D        | Found a glowing silver altar of Zin.
   572 | D        | Found a glowing golden altar of the Shining One.
   575 | D        | Became a worshipper of Vehumet
   607 | D        | Noticed a yak
   607 | D        | Noticed a troll
   607 | D        | Noticed a hippogriff
   607 | D        | Noticed a necrophage
   607 | D        | Noticed a centaur
   615 | D        | Killed a yak
   615 | D        | Reached skill level 9 in Spellcasting
   615 | D        | Reached XP level 6. HP: 25/37 MP: 2/20
   627 | D        | Killed a troll
   627 | D        | Reached XP level 7. HP: 30/43 MP: 12/22
   631 | D        | Killed a hippogriff
   631 | D        | Reached * piety under Vehumet
   631 | D        | Offered knowledge of Sting by Vehumet.
   631 | D        | Reached skill level 10 in Spellcasting
   643 | D        | Noticed an unseen horror
   646 | D        | Killed an unseen horror
   646 | D        | Reached ** piety under Vehumet
   646 | D        | Reached skill level 5 in Fighting
   646 | D        | Reached skill level 10 in Dodging
   646 | D        | Reached skill level 11 in Spellcasting
   646 | D        | Reached skill level 10 in Fire Magic
   646 | D        | Reached XP level 8. HP: 21/49 MP: 15/25
   827 | D        | Noticed a gargoyle
   827 | D        | Noticed a catoblepas
   827 | D        | Noticed a meliai
   829 | D        | Offered knowledge of Freeze by Vehumet.
   878 | D        | Killed a gargoyle
   878 | D        | Reached *** piety under Vehumet
   878 | D        | Reached skill level 12 in Spellcasting
   878 | D        | Reached skill level 10 in Conjurations
   880 | D        | Killed a meliai
   880 | D        | Reached XP level 9. HP: 26/54 MP: 10/27
  1320 | D        | HP: 1/54 [catoblepas (15)]
  1322 | D        | Mangled by a catoblepas

Skill      XL: |  1  2  3  4  5  6  7  8 |
---------------+-------------------------+-----
Dodging        | 3 4 5 6 8 9 10 11 | 11.6
Conjurations   | 2 3 4 5 7 9 10 | 10.5
Fighting       | 1 2 3 4 5 |  5.5
Spellcasting   | 4 6 9 11 12 | 12.5
Fire Magic     | 4 5 6 7 8 10 | 10.9
Stealth        | |  2.4

Action                   |  1- 3 |  4- 6 |  7- 9 || total
-------------------------+-------+-------+-------++-------
Melee: Unarmed           |     5 |       |       ||     5
 Cast: Flame Tongue      |    18 |    22 |    22 ||    62
       Sticky Flame      |       |     2 |     3 ||     5
       Conjure Flame     |       |     1 |     6 ||     7
       Fireball          |       |       |    12 ||    12
  Use: Scroll            |     1 |       |     1 ||     2
       Potion            |       |     4 |     4 ||     8
  Eat: Ration            |       |       |     1 ||     1
Armor: Robe              |     4 |       |     3 ||     7
Dodge: Dodged            |     7 |    11 |     9 ||    27
